 Dungeon Crawl Stone Soup version 0.29-a0-490-g77b3608bb8 (console) character file.

Game seed: 5119951403020068904

4 om the Insei (level 1, 0/17 HPs)
             Began as a Gnoll Transmuter on May 26, 2022.
             Slain by a kobold
             ... wielding a +0 whip
              (3 damage)
             ... on level 1 of the Dungeon.
             The game lasted 00:00:27 (98 turns).

om the Insei (Gnoll Transmuter)                       Turns: 98, Time: 00:00:28

Health: 0/17       AC:  2    Str:  9    XL:     1   Next: 60%
Magic:  6/6        EV: 13    Int: 12    God:
Gold:   0          SH:  0    Dex: 12    Spells: 8/9 levels left

rFire   . . .      SeeInvis .   c - +0 club
rCold   . . .      Faith    .   (no shield)
rNeg    . . .      Spirit   .   a - +0 robe
rPois   .          Reflect  .   (no helmet)
rElec   .          Harm     .   (no cloak)
rCorr   .          Rampage  .   (no gloves)
Will    .....                   (no boots)
Stlth   +.........              (no amulet)
HPRegen 0.05/turn               (no ring)
MPRegen 0.10/turn               (no ring)

@: no status effects
A: fangs 1, strong nose, distributed training
a: no special abilities


You were on level 1 of the Dungeon.
You visited 1 branch of the dungeon, and saw 1 of its levels.

Inventory:

Hand Weapons
 c - a +0 club (weapon)
Armour
 a - a +0 robe (worn)
Potions
 b - a potion of lignification


   Skills:
 + Level 2.4 Fighting
 + Level 0.1 Short Blades
 + Level 0.1 Long Blades
 + Level 0.1 Axes
 + Level 0.1 Maces & Flails
 + Level 0.1 Polearms
 + Level 0.1 Staves
 + Level 0.1 Slings
 + Level 0.1 Bows
 + Level 0.1 Crossbows
 + Level 0.1 Throwing
 + Level 0.1 Armour
 + Level 4.4 Dodging
 + Level 0.1 Stealth
 + Level 0.1 Shields
 + Level 6.4 Unarmed Combat
 + Level 4.9 Spellcasting
 + Level 0.1 Conjurations
 + Level 0.1 Hexes
 + Level 0.1 Summonings
 + Level 0.1 Necromancy
 + Level 0.1 Translocations
 + Level 3.6 Transmutations
 + Level 0.1 Fire Magic
 + Level 0.1 Ice Magic
 + Level 0.1 Air Magic
 + Level 0.1 Earth Magic
 + Level 0.1 Poison Magic
 + Level 0.2 Invocations
 + Level 0.1 Evocations


You had 8 spell levels left.
You knew the following spells:

 Your Spells              Type           Power      Damage    Failure   Level
a - Beastly Appendage     Tmut           22%        N/A       4%          1

Your spell library contained the following spells:

 Spells                   Type           Power      Damage    Failure   Level
 Wereblood                Tmut           11%        N/A       7%          2
 Static Discharge         Conj/Air       3%         N/A       28%         2
 Spider Form              Tmut/Pois      7%         N/A       28%         3
 Ice Form                 Ice/Tmut       7%         N/A       67%         4
 Lightning Bolt           Conj/Air       1%         1d12      99%         5
 Maxwell's Capacitive Co  Air            1%         ∞         100%        8


Dungeon Overview and Level Annotations

Branches:
Dungeon (1/15)

Altars:


Innate Abilities, Weirdness & Mutations

You have very sharp teeth.
Your uncanny sense of smell can sniff out nearby items.
Your experience applies equally to all skills.


Message History

c - a +0 club (weapon)
A kobold comes into view. It is wielding a +0 dagger.
Found a scroll labelled HYMUCOWKUV.
Your horns disappear.
Your talons disappear.
The kobold shouts!
You hear a shout!
A kobold comes into view. It is wielding a +0 whip.
Sorry, you're not good enough to have a special ability.
Sorry, you're not good enough to have a special ability.
You hit the kobold. You punch the kobold.
You kill the kobold!
The kobold throws a stone.
The stone misses you.
A quokka comes into view.
You see here a +0 dagger.
Found a short sword.
A rat comes into view.
The kobold throws a stone.
The stone barely misses you. The kobold misses you.
You barely miss the kobold. The kobold closely misses you.
You closely miss the kobold. The kobold misses you.
You hit the rat but do no damage. You bite the rat, but do no damage.
The rat bites you. The kobold hits you with a +0 whip.
The quokka bites you but does no damage.
The kobold hits you with a +0 whip. The quokka bites you.
* * * LOW HITPOINT WARNING * * *
The rat barely misses you.
You hit the kobold.
The kobold is moderately wounded.
The quokka completely misses you. The kobold barely misses you.
The rat closely misses you.
You are too injured to fight recklessly!
You are too injured to fight recklessly!
Hit: c) +0 club
Press: ? - help, Dir - move target Your weapon can't reach that far!
Okay, then.
The rat attacks as you move away! The rat bites you.
* * * LOW HITPOINT WARNING * * *
The quokka attacks as you move away!
The quokka bites you but does no damage.
The kobold attacks as you move away! The kobold hits you with a +0 whip.
You die...

.... ....... .....
........ .....
......). ...#
........ .
...#?....... ..
#..#....... ....
#r.K...... .....
##.@r......
.....###?.........
#....)#........ ∆
#..#.##........
#..#.##........
#.....#........
#.............#
∆#.#...........#
#.##.....######


You could see a quokka, a kobold and a rat.

Vanquished Creatures
  An endoplasm (D:1)
  2 kobolds (D:1)
  A rat (D:1)
4 creatures vanquished.

Notes
Turn   | Place    | Note
-------+----------+-------------------------------------------
     0 | D:1      | om the Gnoll Transmuter began the quest for the Orb.
     0 | D:1      | Reached XP level 1. HP: 17/17 MP: 6/6
    98 | D:1      | Slain by a kobold

Illustrated notes

Levels and vault maps discovered:
D:1:      dpeg_arrival_ratfight, layout_rooms, dreamdust_ecumenical_altar_grove,
          chequers_avenue, serial_park_tiny_2

Action                   || total
-------------------------++-------
Melee: Club              ||     5
       Unarmed           ||     5
       Punch             ||     1
       Bite              ||     1
 Cast: Beastly Appendage ||     2
Armor: Robe              ||     3
Dodge: Dodged            ||     9

Table legend: (Time is in decaauts)
 A = Elapsed time spent in this place.
 B = Non-inter-level travel time spent in this place.
 C = Inter-level travel time spent in this place.
 D = Time resting spent in this place.
 E = Time spent auto-exploring this place.
 F = Levels seen in this place.
 G = Mean time per level.
                   A        B        C        D        E       F      G
               +--------+--------+--------+--------+--------+-----+--------+
         Total |     98 |     98 |      0 |      0 |     62 |   1 |   98.0 |
       Dungeon |     98 |     98 |      0 |      0 |     62 |   1 |   98.0 |
               +--------+--------+--------+--------+--------+-----+--------+

Top non-repeatable levels by time:
     D:1: 98 daAuts
